 Dungeon Crawl Stone Soup version 0.26-a0-190-g75a3d40d47 (webtiles) character file.

Game seed: 12256927825336860740

9 tilp the Sneak (level 2, -1/13 HPs)
             Began as a Spriggan Enchanter on July 4, 2020.
             Slain by a kobold
             ... wielding a +0 short sword
              (4 damage)
             ... on level 1 of the Dungeon.
             The game lasted 00:01:14 (416 turns).

tilp the Sneak (Spriggan Enchanter)                  Turns: 416, Time: 00:01:15

Health: -1/13      AC:  2    Str:  4    XL:     2   Next: 3%
Magic:  4/7        EV: 18    Int: 16    God:
Gold:   37         SH:  0    Dex: 16    Spells: 6/7 levels left

rFire    . . .     SeeInvis +   a - +1 dagger
rCold    . . .     Faith    .   (shield restricted)
rNeg     . . .     Spirit   .   b - +0 robe
rPois    .         Reflect  .   (helmet restricted)
rElec    .         Harm     .   (no cloak)
rCorr    .                      (gloves unavailable)
MR       .....                  (boots unavailable)
Stlth    +++.......             (no amulet)
HPRegen  0.04/turn              (no ring)
MPRegen  0.10/turn              (no ring)

@: very quick
A: very small, unfitting armour, see invisible, herbivore, speed 3, slow
metabolism 2
a: no special abilities


You were on level 1 of the Dungeon.
You were not hungry.

You visited 1 branch of the dungeon, and saw 1 of its levels.

You collected 37 gold pieces.

Inventory:

Hand Weapons
 a - a +1 dagger (weapon)
 g - a cursed +0 hand axe
Armour
 b - a +0 robe (worn)
Scrolls
 c - a scroll of remove curse {unknown}
 f - 3 scrolls of identify {unknown}
Potions
 e - a potion of curing {unknown}
Comestibles
 d - 2 rations


   Skills:
 + Level 1.3 Short Blades
 - Level 3.0 Dodging
 + Level 4.6 Stealth
 * Level 3.1 Spellcasting
 + Level 3.8 Hexes


You had 6 spell levels left.
You knew the following spells:

 Your Spells              Type           Power        Failure   Level  Hunger
a - Corona                Hex            ##.....      4%          1    None

Your spell library contained the following spells:

 Spells                   Type           Power        Failure   Level  Hunger
 Confusing Touch          Hex            ##......     12%         3    ###....
 Tukima's Dance           Hex            ##......     12%         3    ###....
 Ensorcelled Hibernation  Hex/Ice        #.....       13%         2    ##.....
 Dazzling Flash           Conj/Hex       #.....       26%         3    ###....


Dungeon Overview and Level Annotations

Branches:
Dungeon (1/15)

Altars:


Innate Abilities, Weirdness & Mutations

You are very small and have problems with some larger weapons.
You are too small for most types of armour.
You have supernaturally acute eyesight. (SInv)
You are a herbivore.
You cover ground extremely quickly.
You need to consume almost no food.


Message History

The hobgoblin is severely wounded.
The hobgoblin closely misses you.
You hit the hobgoblin.
You kill the hobgoblin!
You have reached level 2!
Casting: Corona (safe; 4% risk of failure)
Confirm with . or Enter, or press ? or * to list all spells.
Aiming: Corona (safe; 4% risk of failure)
Press: ? - help, Shift-Dir - straight line, f - kobold
Aim: a kobold, wielding a +0 short sword (chance to defeat MR: 68%)
The kobold is outlined in light.
The kobold hits you with a +0 short sword.
* * * LOW HITPOINT WARNING * * *
You hit the kobold.
The kobold is heavily wounded.
The kobold misses you.
You hit the kobold but do no damage.
The kobold is heavily wounded.
The kobold hits you with a +0 short sword.
You die...

..#.#........(...................
.##.#............................
..................#..............
##......###......................
##......# #........#........#...)
.....)..# #........##......##...[
...#.#.## #.#.....###########....
## #...## #.##...## ##### ###..#
#.####@###### #..# #[# #K##(..##
#..# #.# #(..g...# #..# #
##.......# #..# .# #.......# ##.#
..### #.$.....# #.#.....#
##.....## #)..# ......# #....#
#.......#


You could see a kobold (corona).

Vanquished Creatures
  A dart slug (D:1)
  A bat (D:1)
  A goblin (D:1)
  2 hobgoblins (D:1)
  A frilled lizard (D:1)
6 creatures vanquished.

Notes
Turn   | Place    | Note
-------+----------+-------------------------------------------
     0 | D:1      | tilp the Spriggan Enchanter began the quest for the Orb.
     0 | D:1      | Reached XP level 1. HP: 9/9 MP: 5/5
   413 | D:1      | Reached XP level 2. HP: 6/13 MP: 5/7
   416 | D:1      | Slain by a kobold

Illustrated notes

Levels and vault maps discovered:
D:1:      wheals_arrival_linesprint, layout_rooms

Skill      XL: |  1 |
---------------+----+-----
Spellcasting   | 3 |  3.1
Short Blades   | |  1.3
Dodging        | |  3.0
Stealth        | |  4.6
Hexes          | |  3.8

Action                   || total
-------------------------++-------
Melee: Dagger            ||    27
 Cast: Corona            ||     9
 Stab: Sleeping          ||     2
Armor: Robe              ||     7
Dodge: Dodged            ||    20

Table legend:
 A = Non-vault XP
 B = Vault XP
 C = Vault XP percentage of total XP
 D = Non-vault monster count
 E = Vault monster count
 F = Vault count percentage of total count
                 A         B        C        D         E       F
            +---------+---------+-------+---------+---------+-------
      Total |      13 |       0 |   0.0 |       6 |       0 |   0.0
            +---------+---------+-------+---------+---------+-------
        D:1 |      13 |       0 |   0.0 |       6 |       0 |   0.0
            +---------+---------+-------+---------+---------+-------
